 Dungeon Crawl Stone Soup version 0.28-a0-407-g69098e2f6d (webtiles) character file.

Game seed: 6006730429877399598

435 heikuro the Slasher (level 7, -9/55 HPs)
             Began as a Formicid Abyssal Knight on Sept 6, 2021.
             Was a Believer of Lugonu.
             Mangled by a wyvern zombie (12 damage)
             ... on level 7 of the Dungeon.
             The game lasted 00:09:40 (3712 turns).

heikuro the Slasher (Formicid Abyssal Knight)       Turns: 3712, Time: 00:09:41

Health: -9/55      AC: 12    Str: 18    XL:     7   Next: 21%
Magic:  6/10       EV:  5    Int: 12    God:    Lugonu [**....]
Gold:   171        SH:  5    Dex: 16    Spells: 6/6 levels left

rFire   . . .      SeeInvis +   b - +0 hunting sling
rCold   . . .      Faith    .   (no shield)
rNeg    . . .      Spirit   .   f - +0 plate armour
rPois   .          Reflect  +   (helmet unavailable)
rElec   .          Harm     .   (no cloak)
rCorr   .          Rampage  .   g - +0 pair of gloves
Will    .....                   (no boots)
Stlth   ..........              r - amulet of reflection
HPRegen 0.18/turn               i - +6 ring of dexterity
MPRegen 0.12/turn               (no ring)

@: no status effects
A: permanent stasis, dig shafts and tunnels, antennae 3, four strong arms
a: Dig, Shaft Self, Renounce Religion, Depart the Abyss, Bend Space


You were on level 7 of the Dungeon.
You worshipped Lugonu.
Lugonu was pleased with you.
You visited 1 branch of the dungeon, and saw 5 of its levels.
You visited the Abyss 1 time.

You collected 171 gold pieces.

Inventory:

Hand Weapons
 a - a +2 dagger of venom
 b - a +0 hunting sling (weapon)
 u - a +1 falchion
Missiles
 e - 3 curare-tipped darts
 s - 80 stones (quivered ammo)
 v - 3 javelins
Armour
 f - a +0 plate armour (worn)
 g - a +0 pair of gloves (worn)
Jewellery
 i - a +6 ring of dexterity (left hand)
 r - an amulet of reflection (around neck)
Scrolls
 d - 2 scrolls of amnesia
 j - 2 scrolls of fog
 m - a scroll of noise {unknown}
 n - a scroll of vulnerability {unknown}
 w - a scroll of identify {unknown}
Potions
 c - a potion of flight {unknown}
 h - a potion of attraction {unknown}
 k - 4 potions of degeneration {unknown}
 l - a potion of heal wounds {unknown}
 o - a potion of magic {unknown}
 p - a potion of brilliance {unknown}
 q - 6 potions of curing {unknown}
 t - a potion of ambrosia {unknown}


   Skills:
 + Level 4.5 Fighting
 * Level 4.5 Long Blades
 + Level 2.2 Slings
 + Level 3.9 Armour
 - Level 1.0 Dodging
 + Level 4.0 Invocations


You had 6 spell levels left.
You didn't know any spells.
Your spell library was empty.

Dungeon Overview and Level Annotations

Branches:
Dungeon (4/15)
 Temple: D:4-7

Altars:
The Shining One

Shops:
D:1 (   D:3 (


Innate Abilities, Weirdness & Mutations

You cannot be hasted, slowed, berserked, paralysed or teleported.
You can dig through walls and to a lower floor.
You have a pair of large antennae on your head. (SInv)
Your four strong arms can wield two-handed weapons with a shield.


Message History

u - a +1 falchion (weapon)
Non-targeted abil: Dig
Press: ? - help, Q - select action, (/) - cycle Dir - look around, f - activate
Okay, then.
b - a +0 hunting sling (weapon)
Space bends around you!
You blink.
Fire: 84 stones
Press: ? - help, Q - select action, (/) - cycle Shift-Dir - straight line, f/p - wyvern zombie
Aim: a wyvern zombie (severely damaged, 79% to hit)
You shoot a stone. The stone hits the wyvern zombie.
The wyvern zombie is almost destroyed.
Unknown command.
Fire: 83 stones
Press: ? - help, Q - select action, (/) - cycle Shift-Dir - straight line, f/p - wyvern zombie
Aim: a wyvern zombie (almost destroyed, 79% to hit)
You shoot a stone. The stone hits the wyvern zombie.
The wyvern zombie is almost destroyed.
Unknown command.
Fire: 82 stones
Press: ? - help, Q - select action, (/) - cycle Shift-Dir - straight line, f/p - wyvern zombie
Aim: a wyvern zombie (almost destroyed, 79% to hit)
You shoot a stone. The stone hits the sky beast.
The sky beast is lightly wounded.
Unknown command.
Space bends around you!
You blink.
Fire: 81 stones
Press: ? - help, Q - select action, (/) - cycle Shift-Dir - straight line, f/p - wyvern zombie
Aim: a wyvern zombie (almost destroyed, 79% to hit)
You shoot a stone. The stone hits the wyvern zombie.
The wyvern zombie is almost destroyed.
The sky beast hits you.
* * * LOW HITPOINT WARNING * * *
The sky beast shocks you.
* * * LOW HITPOINT WARNING * * *
Space bends around you!
You blink.
You don't have enough health at the moment.
A hornet comes into view.
The hornet buzzes angrily.
The wyvern zombie bites you!
You die...

.# { ...?.# .# { #.....#
.# { #.....+ .# {
#.....#
.##+#########+#.....####
................≈.......
........(((.(...........
...............≈........
........./...Y.Z@.....y.
#######.................
#....((..####.....
#........+ .....
#........# ....
#........# .. ##########
.


You could see a hornet, a sky beast and a wyvern zombie.

Vanquished Creatures
  Grinder (D:3)
  A hound (D:4)
  2 jellies (D:7)
  2 orc wizards (D:4)
  4 adders
  3 worms
  2 dart slugs
  3 orcs (D:4)
  3 ball pythons
  6 bats
  5 endoplasms
  6 giant cockroaches
  4 hobgoblins
  10 goblins
  3 kobolds
  7 rats
62 creatures vanquished.

Notes
Turn   | Place    | Note
-------+----------+-------------------------------------------
     0 | Abyss:1  | heikuro the Formicid Abyssal Knight began the quest for the
                  | Orb.
     0 | Abyss:1  | Reached XP level 1. HP: 18/18 MP: 2/2
    76 | Abyss:2  | Noticed a worldbinder
    76 | D:1      | Escaped the Abyss
   120 | D:1      | You fall into a shaft and drop 1 floor!
   185 | D:1      | Reached skill level 1 in Dodging
   195 | D:1      | Reached XP level 2. HP: 24/24 MP: 3/3
   218 | D:1      | Reached * piety under Lugonu
   316 | D:1      | Found a faded altar of an unknown god.
   411 | D:1      | Found Zeokuxid's Antique Weapon Shoppe.
   934 | D:1      | Reached XP level 3. HP: 26/29 MP: 4/4
  1738 | D:2      | Reached XP level 4. HP: 33/37 MP: 6/6
  2559 | D:3      | Reached ** piety under Lugonu
  2713 | D:3      | Found Odgholl's Antique Weapon Boutique.
  2716 | D:3      | Noticed Grinder
  2734 | D:3      | Killed Grinder
  2735 | D:3      | Reached skill level 1 in Slings
  2735 | D:3      | Reached XP level 5. HP: 21/42 MP: 7/7
  2735 | D:3      | Reached XP level 6. HP: 24/48 MP: 8/8
  3460 | D:4      | Reached XP level 7. HP: 52/55 MP: 9/9
  3508 | D:4      | You fall into a shaft and drop 3 floors!
  3598 | D:7      | Found a glowing golden altar of the Shining One.
  3712 | D:7      | Noticed a hornet
  3712 | D:7      | Mangled by a wyvern zombie

Illustrated notes

Levels and vault maps discovered:
D:1:      nagdon_arrival_zigzag_paths, layout_basic, serial_shops,
          nicolae_shop_crystal, hellmonk_ecumenical_altar_slurped_away
D:2:      layout_loops_corners
D:3:      layout_basic, serial_shops, shop, uniq_grinder
D:4:      layout_rooms, mainiacjoe_overflow_boulevard, grunt_decor_arrowhead,
          kennysheep_generic_room_9
D:7:      layout_gridville, nicolae_tso_carved_into_rock, amcnicky_altar_gilded,
          minmay_temple_entry_statues_fountains

Skill      XL: |  1  2  3  4  5  6  7 |
---------------+----------------------+-----
Dodging        | 1 |  1.0
Long Blades    | 3 4 |  4.5
Invocations    | 3 4 |  4.0
Fighting       | 4 |  4.5
Slings         | 1 2 |  2.2
Armour         | 3 |  3.9

Action                   |  1- 3 |  4- 6 |  7- 9 || total
-------------------------+-------+-------+-------++-------
Melee: Falchion          |   110 |    27 |    11 ||   148
       Dagger            |       |    29 |    13 ||    42
 Fire: Hunting sling     |       |    57 |     8 ||    65
Invok: Depart the Abyss  |     1 |       |       ||     1
       Bend Space        |       |       |     6 ||     6
 Abil: Dig               |     1 |       |       ||     1
  Use: Scroll            |     1 |     2 |       ||     3
Armor: Plate armour      |    93 |    39 |    12 ||   144
Dodge: Dodged            |    36 |    12 |     5 ||    53
Block: Other             |       |     6 |     2 ||     8
       Reflection        |       |     2 |       ||     2

Table legend: (Time is in decaauts)
 A = Elapsed time spent in this place.
 B = Non-inter-level travel time spent in this place.
 C = Inter-level travel time spent in this place.
 D = Time resting spent in this place.
 E = Time spent auto-exploring this place.
 F = Levels seen in this place.
 G = Mean time per level.
                   A        B        C        D        E       F      G
               +--------+--------+--------+--------+--------+-----+--------+
         Total |   3727 |   3581 |    146 |    478 |   1935 |   7 |  532.4 |
       Dungeon |   3651 |   3505 |    146 |    478 |   1935 |   5 |  730.2 |
         Abyss |     75 |     75 |      0 |      0 |      0 |   2 |   37.5 |
               +--------+--------+--------+--------+--------+-----+--------+

Top non-repeatable levels by time:
     D:3: 1064 daAuts
     D:2: 1046 daAuts
     D:1: 1013 daAuts
     D:4: 326 daAuts
     D:7: 200 daAuts
 Abyss:1: 42 daAuts
 Abyss:2: 33 daAuts
